 Dungeon Crawl Stone Soup version 0.27-a0-988-g25969acef8 (webtiles) character file.

Game seed: 1260748524343758587

2973 senseless the Carver (level 9, -7/67 HPs)
             Began as a Demonspawn Gladiator on Apr 15, 2021.
             Was a Believer of Qazlal.
             Mangled by an orc warrior
             ... wielding a +0 glaive
              (10 damage)
             ... on level 7 of the Dungeon.
             The game lasted 00:31:46 (9843 turns).

senseless the Carver (Demonspawn Gladiator)         Turns: 9843, Time: 00:31:47

Health: -7/67      AC: 17    Str: 17    XL:     9   Next: 53%
Magic:  9/9        EV: 12    Int:  9    God:    Qazlal [**....]
Gold:   126        SH:  8    Dex: 16    Spells: 8/8 levels left

rFire    . . .     SeeInvis +   a - +1 long sword
rCold    . . .     Faith    .   (no shield)
rNeg     . . .     Spirit   .   p - +3 scale mail
rPois    .         Reflect  +   j - +0 helmet "Jythror" {Rampage}
rElec    .         Harm     .   H - +0 cloak
rCorr    .         Rampage  +   (no gloves)
Will     .....                  f - +2 pair of boots
Stlth    +.........             C - amulet of reflection
HPRegen  0.21/turn              b - ring of see invisible
MPRegen  0.22/turn              (no ring)

@: no status effects
A: talons 1, magic regeneration, sharp scales 1, demonic magic 2
a: Renounce Religion, Upheaval


You were on level 7 of the Dungeon.
You worshipped Qazlal.
Qazlal was pleased with you.
You visited 1 branch of the dungeon, and saw 7 of its levels.
You also visited: Sewer.

You collected 326 gold pieces.
You spent 200 gold pieces at shops.

Inventory:

Hand Weapons
 a - a +1 long sword (weapon)
 i - a +2 whip of flaming
 t - a +3 short sword of flaming
 u - a +2 whip of freezing
 w - a +2 vorpal hand axe
 x - a +4 hand crossbow
 z - a +2 whip of draining
 F - a +3 mace
 G - a +4 quarterstaff of chaos
Missiles
 d - 3 throwing nets (quivered)
 g - 8 curare-tipped darts
 y - 96 bolts
Armour
 c - a +0 helmet
 f - a +2 pair of boots (worn)
 j - the +0 helmet "Jythror" (worn) {Rampage}
   (You bought it in a shop on level 5 of the Dungeon)

   It bestows one free step when moving towards enemies.
 m - a +1 leather armour of positive energy
 p - a +3 scale mail (worn)
 v - a +2 leather armour of willpower
 H - a +0 cloak (worn)
Jewellery
 b - a ring of see invisible (left hand)
 e - an amulet of guardian spirit
 A - an amulet of guardian spirit
 C - an amulet of reflection (around neck)
Wands
 h - a wand of polymorph (7)
 k - a wand of flame (15)
 q - a wand of acid (7)
 B - a wand of paralysis (7)
Scrolls
 s - a scroll of acquirement
 I - 2 scrolls of teleportation
 J - a scroll of enchant armour
 K - a scroll of amnesia
Potions
 l - 3 potions of brilliance
 n - 2 potions of lignification
 o - a potion of invisibility {unknown}
 r - 3 potions of heal wounds {unknown}
 D - a potion of might
 E - a potion of haste


   Skills:
 + Level 4.9 Fighting
 + Level 8.9 Long Blades
 - Level 1.7 Throwing
 + Level 5.9 Armour
 + Level 4.8 Dodging
 + Level 1.5 Stealth
 + Level 1.5 Shields


You had 8 spell levels left.
You didn't know any spells.
Your spell library contained the following spells:

 Spells                   Type           Power      Damage    Failure   Level
 Shock                    Conj/Air       0%         1d3       77%         1
 Static Discharge         Conj/Air       0%         N/A       88%         2
 Swiftness                Air            0%         N/A       98%         3
 Airstrike                Air            0%         N/A       100%        4
 Lightning Bolt           Conj/Air       0%         1d11      100%        5


Dungeon Overview and Level Annotations

Branches:
Dungeon (7/15)             Temple (0/1) D:7           Sewer (visited)

Altars:
Fedhas
Hepliaklqana
Makhleb
Okawaru
Qazlal
Ru
Uskayaw
Yredelemnul

Shops:
D:2 *   D:5 [   D:7 *

Annotations:
D:3 1 runed translucent door, askman's ghost, amateur DsFi


Innate Abilities, Weirdness & Mutations

You have sharp toenails.
You regenerate magic rapidly.
You are partially covered in razor-sharp scales. (AC +1, Slay +1)
Spells you cast may paralyse nearby enemies.


Message History

You are too injured to fight recklessly!
The orc warrior hits you but does no damage.
You see here a +0 whip.
You hit the orc warrior but do no damage.
You hear a shout!
The orc warrior hits you with a +0 glaive!
* * * LOW HITPOINT WARNING * * *
You completely miss the orc warrior.
You hear a shout!
The orc warrior barely misses you.
You riposte.
You hit the orc warrior but do no damage.
You hear a shout!
You hit the orc warrior.
The orc warrior is moderately wounded.
You slash the orc warrior!
The orc warrior is heavily wounded.
You hear a shout!
You block the orc warrior's attack.
You hit the orc warrior.
The orc warrior is severely wounded.
The orc warrior closely misses you.
You barely miss the orc warrior.
The orc warrior is severely wounded.
The orc warrior hits you with a +0 glaive!
* * * LOW HITPOINT WARNING * * *
An orc comes into view. It is wielding a +0 short sword.
You hit the orc warrior but do no damage.
The orc warrior is severely wounded.
The orc warrior hits you with a +0 glaive!
* * * LOW HITPOINT WARNING * * *
You closely miss the orc warrior.
The orc warrior is severely wounded.
You block the orc warrior's attack.
You slash the orc warrior!
The orc warrior is almost dead.
The orc warrior closely misses you.
You hit the orc warrior but do no damage.
The orc warrior is almost dead.
The orc warrior hits you with a +0 glaive!
You die...

.###..# #..##.# ......##
#..##.# .∩.....# #..##.#
.....#.# #.....#
....##.######..####
..#.##..........#
.##.#########...#
###)#### #...#########.
.......# #..o@)........
.##)##.###
#..o##########
...°°....# #..)#
###☼####.# #..†########
#§# #.####......oo.o.
##§## #......#.#......#
########.######...####.#
§§#8#..§.# #####
########.#


You could see an orc warrior and an orc.

Vanquished Creatures
  Pikel (D:5)
  Menkaure (D:5)
  A water moccasin (D:7)
  2 orc warriors
  Duvessa (D:6)
  A sky beast (D:6)
  2 ice beasts (D:6)
  A necrophage (D:4)
  2 centaurs (D:7)
  A lemure (D:5)
  4 kobold brigands (Sewer)
  2 bullfrogs
  Dowan (D:6)
  A scorpion (D:5)
  2 water moccasin skeletons
  3 hounds
  A gnoll shaman (D:4)
  2 jellies (D:6)
  2 orc priests (D:7)
  Crazy Yiuf (D:6)
  2 iguanas
  2 orc wizards (D:7)
  Robin (D:2)
  A howler monkey zombie (D:7)
  A howler monkey skeleton (D:5)
  11 gnolls
  11 adders
  4 river rats (Sewer)
  2 shadow imps (D:6)
  2 white imps
  An ufetubus (D:4)
  An adder skeleton (D:4)
  An adder zombie (D:5)
  3 worms
  A dart slug (D:3)
  17 orcs
  12 ball pythons
  8 endoplasms
  4 giant cockroaches
  13 goblins
  14 hobgoblins
  14 jackals
  15 kobolds
  8 quokkas
  5 bats
  A frilled lizard (D:1)
  12 rats
  A spectral hobgoblin (D:5)
200 creatures vanquished.

Vanquished Creatures (others)
  An orc (D:7)
1 creature vanquished.

Grand Total: 201 creatures vanquished

Notes
Turn   | Place    | Note
-------+----------+-------------------------------------------
     0 | D:1      | senseless the Demonspawn Gladiator began the quest for the
                  | Orb.
     0 | D:1      | Reached XP level 1. HP: 16/16 MP: 1/1
   566 | D:1      | Gained mutation: You are partially covered in razor-sharp
                  | scales. (AC +1, Slay +1) [demonic ancestry]
   566 | D:1      | Reached XP level 2. HP: 22/22 MP: 2/2
   582 | D:1      | Reached skill level 3 in Long Blades
   922 | D:1      | Gained mutation: Spells you cast may paralyse adjacent
                  | enemies. [demonic ancestry]
   922 | D:1      | Reached XP level 3. HP: 26/27 MP: 3/3
  1080 | D:2      | Noticed Robin
  1099 | D:2      | Killed Robin
  1372 | D:2      | Found Ruobiogh's Assorted Antiques.
  1409 | D:2      | Reached XP level 4. HP: 14/33 MP: 4/4
  1652 | D:2      | Found a faded altar of an unknown god.
  1867 | D:3      | Reached skill level 1 in Armour
  1884 | D:3      | Reached skill level 4 in Long Blades
  1976 | D:3      | Found a runed translucent door.
  2021 | D:3      | Gained mutation: You regenerate magic rapidly. [demonic
                  | ancestry]
  2021 | D:3      | Reached XP level 5. HP: 34/39 MP: 5/5
  2268 | D:3      | Found a stormy altar of Qazlal.
  2272 | D:3      | Became a worshipper of Qazlal Stormbringer
  2276 | D:3      | Found a blossoming altar of Fedhas.
  2281 | D:3      | Found a basalt altar of Yredelemnul.
  2742 | D:3      | Noticed askman's ghost (amateur DsFi)
  2777 | D:4      | Found a glowing drain.
  2801 | Sewer    | Entered a sewer
  2919 | Sewer    | Reached skill level 5 in Long Blades
  2919 | Sewer    | Reached XP level 6. HP: 27/46 MP: 6/6
  3697 | Sewer    | Reached * piety under Qazlal
  3814 | Sewer    | Gained mutation: You have sharp toenails. [demonic
                  | ancestry]
  3814 | Sewer    | Reached XP level 7. HP: 18/52 MP: 7/7
  4705 | D:4      | Found a hide-covered altar of Uskayaw.
  4975 | D:4      | Reached skill level 6 in Long Blades
  5032 | D:4      | Identified a scroll of acquirement
  5327 | D:4      | Reached ** piety under Qazlal
  6015 | D:5      | Entered Level 5 of the Dungeon
  6291 | D:5      | Found a sacrificial altar of Ru.
  6302 | D:5      | Noticed Menkaure
  6310 | D:5      | Killed Menkaure
  6311 | D:5      | Reached XP level 8. HP: 36/60 MP: 5/8
  6535 | D:5      | Noticed Pikel
  6571 | D:5      | Killed Pikel
  6572 | D:5      | Reached skill level 7 in Long Blades
  6572 | D:5      | Reached skill level 1 in Stealth
  6838 | D:5      | Found Cahub's Armour Shoppe.
  6847 | D:5      | Bought the +0 helmet "Jythror" {Rampage} for 161 gold
                  | pieces
  7134 | D:5      | Found a hazy altar of Hepliaklqana.
  7458 | D:6      | Noticed Duvessa
  7461 | D:6      | Noticed Dowan
  7476 | D:6      | Killed Duvessa
  7485 | D:6      | Killed Dowan
  7486 | D:6      | Reached skill level 8 in Long Blades
  7686 | D:6      | Gained mutation: Spells you cast may paralyse nearby
                  | enemies. [demonic ancestry]
  7686 | D:6      | Reached XP level 9. HP: 57/66 MP: 6/9
  7796 | D:6      | Found an iron altar of Okawaru.
  8064 | D:6      | Reached skill level 5 in Armour
  8864 | D:6      | Found a runed translucent door.
  8865 | D:6      | Noticed Crazy Yiuf
  9185 | D:6      | Killed Crazy Yiuf
  9307 | D:7      | Found a burning altar of Makhleb.
  9341 | D:7      | Reached skill level 1 in Shields
  9547 | D:7      | Found a staircase to the Ecumenical Temple.
  9608 | D:7      | Found Nicyer's General Store.
  9614 | D:7      | Bought a potion of curing for 39 gold pieces
  9840 | D:7      | HP: 3/67 [orc warrior/+0 glaive (7)]
  9843 | D:7      | Mangled by an orc warrior

Illustrated notes

Levels and vault maps discovered:
D:1:      dpeg_arrival_fog, layout_basic, minivault_4, minmay_tromino_v7
D:2:      layout_rooms, serial_shops, nicolae_shop_behind_doors,
          ebering_ecumenical_altar_rust, minmay_surrounded, uniq_robin
D:3:      layout_rooms, grunt_temple_overflow_diamond,
          ebering_ghost_reflecting_pool, dk_noncrumbling_3
D:4:      layout_basic, amcnicky_altar_gilded, cheibrodos_sewer_entry_drain,
          dk_noncrumbling_4
D:5:      layout_basic, overflow_temple_1_default,
          nicolae_hepliaklqana_monster_ancestors, serial_shops, shop,
          uniq_pikel, uniq_menkaure
D:6:      layout_basic, okawaru_trees_2, minmay_strange_pillars,
          uniq_crazy_yiuf_cottage, uniq_duvessa
D:7:      layout_loops_ring, makhleb_heckhound_becter,
          minmay_temple_entry_wispy, serial_shops, shop, minivault_10,
          lemuel_flamethrower_2

Skill      XL: |  1  2  3  4  5  6  7  8  9 |
---------------+----------------------------+-----
Dodging        | 3 4 |  4.8
Long Blades    | 3 4 5 6 8 |  8.9
Armour         | 1 2 3 4 5 |  5.9
Fighting       | 3 4 |  4.9
Stealth        | 1 |  1.5
Shields        | 1 |  1.5
Throwing       | |  1.7

Action                   |  1- 3 |  4- 6 |  7- 9 || total
-------------------------+-------+-------+-------++-------
Melee: Long sword        |   146 |   236 |   426 ||   808
Throw: Throwing net      |       |       |     2 ||     2
  Use: Potion            |       |     2 |     5 ||     7
       Scroll            |       |       |    16 ||    16
 Stab: Held in net/web   |       |       |     1 ||     1
Armor: Ring mail         |    30 |       |       ||    30
       Chain mail        |    66 |     5 |       ||    71
       Scale mail        |       |   138 |   163 ||   301
       Skin              |       |       |     1 ||     1
Dodge: Dodged            |    80 |   134 |   199 ||   413
Block: Other             |       |       |    40 ||    40
       Reflection        |       |       |     1 ||     1
       Rpst.: Long sword |    22 |    37 |    55 ||   114

Table legend: (Time is in decaauts)
 A = Elapsed time spent in this place.
 B = Non-inter-level travel time spent in this place.
 C = Inter-level travel time spent in this place.
 D = Time resting spent in this place.
 E = Time spent auto-exploring this place.
 F = Levels seen in this place.
 G = Mean time per level.
                   A        B        C        D        E       F      G
               +--------+--------+--------+--------+--------+-----+--------+
         Total |  10077 |   9812 |    265 |   2578 |   5500 |   8 | 1259.6 |
       Dungeon |   8419 |   8154 |    265 |   1871 |   4860 |   7 | 1202.7 |
         Sewer |   1657 |   1657 |      0 |    706 |    640 |   1 | 1657.0 |
               +--------+--------+--------+--------+--------+-----+--------+

Top non-repeatable levels by time:
     D:6: 1853 daAuts
     D:4: 1715 daAuts
   Sewer: 1657 daAuts
     D:5: 1376 daAuts
     D:1: 1051 daAuts
     D:3: 951 daAuts
     D:2: 889 daAuts
     D:7: 581 daAuts
